Description

THIS WILL NOT RUN WITH TIMER ON- is just a fix so it shows in game

"Once again the goal is to get to two saturated mineral lines and gasses and attack with +1 roaches as soon as possible. There are once again some variations here to respect the possibility of things like ling floods and early cheese in the matchup. You can take a third behind the attack if you like but it's not included by default in this build order"

Build Order

Get SALT Encoding   

  13  0:01  Overlord  
  16  0:02  Hatchery  pull a drone down from the main @ 200 minerals
  18  0:03  Extractor  first drone rallies to minerals, second rallies to gas, third rallies to pool location
  17  0:04  Spawning Pool  
  20  0:05  Overlord  first three drones after pool rally into gas, fourth to natural mineral line
  20  0:06  Queen  this build skips safety lings and ling speed
  20  0:07  Queen  
  31  0:08  Overlord  
  31  0:09  Lair  don't pull drones off gas in the main
  31  0:10  Queen  spare queen at the natural
  36  0:11  Evolution Chamber  wall off with this and the roach warren. It won't be a full wall without a second evo, but you want the option to do that available if they ling flood you
  35  0:12  Roach Warren  
  37  0:13  Overlord  
  42  0:14  Extractor  saturate these from the mineral drones as soon as they finish
  42  0:15  Extractor  
  40  0:16  Zerg Missile Weapons Level 1  
  43  0:17  Evolution Chamber  finish the wall off, use a queen in the remaining gap on hold position
  46  0:18  Glial Reconstitution  roach speed
  47  0:19  Overlord  
  47  0:20  Roach  3:53 start pumping out roaches, remember that an overlord has enough supply for four roaches so make lots of them too
  90  0:21  Roach  4:50 start moving out, your roach speed and +1 should be about finished
Spawning Tool Build Advisor. Get it on Overwolf

Go to:

Details

  • Created by: sceller
  • Published on: Oct 07, 2023
  • Modified on: Oct 07, 2023
  • Patch: 5.0.11
  • Difficulty: Medium
Show
View Real Time Build Order
Export as new Build Order

Comments (0)

There are no comments. Be the first!

Create an account to comment!